 Dungeon Crawl Stone Soup version 0.31-a0-343-g456c268693 (webtiles) character file.

Game seed: 4162028775359248896

4137 Locuples the Covert (level 10, -8/73 HPs)
             Began as a Demonspawn Brigand on July 21, 2023.
             Killed from afar by a manticore (13 damage)
             ... with a volley of spikes
             ... on level 8 of the Dungeon.
             The game lasted 00:27:03 (6494 turns).

Locuples the Covert (Demonspawn Brigand)            Turns: 6494, Time: 00:27:04

Health: -8/73      AC: 12    Str: 17    XL:     10   Next: 7%
Magic:  0/10       EV: 15    Int: 13    God:
Gold:   317        SH:  0    Dex: 22    Spells: 9/9 levels left

rFire   . . .        x - +7 dagger of Insufficient Pleasure {heavy, Will+}
rCold   . . .        (no shield)
rNeg    . . .        o - +1 robe "Kuicion" {Dex+3}
rPois   .            (no helmet)
rElec   .            c - +0 cloak
rCorr   .            n - +1 pair of gloves
SInv    .            (no boots)
Will    +....        k - amulet of magic regeneration
Stlth   +++++        j - +4 ring of protection
HPRegen 0.32/turn    B - +6 ring of strength
MPRegen 0.64/turn

%: guardian spirit
@: spiked
A: icy blue scales 1, spiny 1, magic shield, magic regeneration, magic link,
demonic touch 1
a: no special abilities


You were on level 8 of the Dungeon.
You visited 2 branches of the dungeon, and saw 9 of its levels.
You also visited: Sewer.

You collected 317 gold pieces.

Inventory:

Hand Weapons
 a - a +2 dagger
 x - the +7 dagger of Insufficient Pleasure (weapon) {heavy, Will+}
   (You found it in a sewer)

   Will:      It increases your willpower.
Missiles
 d - 41 poisoned darts (quivered)
 e - 3 curare-tipped darts
 i - a throwing net
Armour
 c - a +0 cloak (worn)
 n - a +1 pair of gloves (worn)
 o - the +1 robe "Kuicion" (worn) {Dex+3}
   (You found it on level 3 of the Dungeon)

   Dex:       It affects your dexterity (+3).
Jewellery
 j - a +4 ring of protection (left hand)
 k - an amulet of magic regeneration (around neck)
 l - a ring of ice
 B - a +6 ring of strength (right hand)
Wands
 s - a wand of flame (53)
 v - a wand of iceblast (5)
 E - a wand of light (7)
 F - a wand of digging (2)
Scrolls
 b - a scroll of noise {unknown}
 f - a scroll of vulnerability
 h - 2 scrolls of teleportation
 m - a scroll of immolation {unknown}
 p - 2 scrolls of revelation
 q - a scroll of silence {unknown}
 r - a scroll of amnesia {unknown}
 t - 2 scrolls of fog {unknown}
 w - a scroll of enchant armour
 y - 2 scrolls of enchant weapon
 z - a scroll of fear {unknown}
 G - 2 scrolls of torment {unknown}
Potions
 g - a potion of berserk rage {unknown}
 u - 2 potions of attraction {unknown}
 A - a potion of cancellation {unknown}
 C - a potion of enlightenment {unknown}
 D - a potion of mutation {unknown}


   Skills:
 + Level 4.5 Fighting
 * Level 8.3 Short Blades
 + Level 1.7 Throwing
 + Level 5.1 Dodging
 * Level 9.9 Stealth
 - Level 0.2 Evocations


You had 9 spell levels left.
You didn't know any spells.
Your spell library contained the following spells:

 Spells                   Type           Power      Damage    Failure   Level
 Necrotise                Necr           0%         1d4       30%         1
 Summon Small Mammal      Summ           0%         N/A       30%         1
 Poisonous Vapours        Pois/Air       0%         N/A       43%         2
 Call Canine Familiar     Summ           0%         N/A       67%         3
 Hailstorm                Conj/Ice       0%         3d3       67%         3
 Mephitic Cloud           Conj/Pois/Air  0%         N/A       67%         3
 Summon Guardian Golem    Hex/Summ       0%         N/A       67%         3
 Vampiric Draining        Necr           0%         2d6       67%         3
 Summon Ice Beast         Ice/Summ       0%         N/A       97%         4
 Agony                    Necr           0%         N/A       100%        5
 Freezing Cloud           Conj/Ice/Air   0%         6-21      100%        5
 Simulacrum               Ice/Necr       0%         N/A       100%        6


Dungeon Overview and Level Annotations

Branches:
Dungeon (8/15)             Temple (1/1) D:4           Sewer (visited)
   Lair: D:8-11

Altars:
Ashenzari
Cheibriados
Gozag
Hepliaklqana
Kikubaaqudgha
Makhleb
Nemelex Xobeh
Okawaru
Qazlal
Ru
Sif Muna
Trog
Uskayaw
Vehumet
Wu Jian
Xom
Yredelemnul

Shops:
D:7 =


Innate Abilities, Weirdness & Mutations

You are partially covered in icy blue scales. (AC +2)
You are partially covered in sharp spines.
When hurt, damage is shared between your health and your magic reserves.
You regenerate magic rapidly.
When low on magic, you restore magic in place of health.
Your touch may inflict minor irresistible damage on your foes.


Message History

A manticore comes into view.
The orc warrior closely misses you. The manticore bites you!!
The manticore misses you.
The manticore claws you but does no damage.
Things that are here:
a +2 dagger of speed; a +0 robe You barely miss the orc warrior.
Your touch misses the orc warrior. The manticore is struck by your spines.
The manticore bites you! The manticore claws you.
The manticore claws you but does no damage.
The orc warrior closely misses you.
You puncture the orc warrior!
The orc warrior is severely wounded.
Okay, then.
You hit the manticore.
You touch the manticore!
The manticore is moderately wounded.
The manticore is struck by your spines. The manticore closely misses you.
The manticore misses you. The manticore completely misses you.
The orc warrior is struck by your spines.
The orc warrior closely misses you.
You hit the manticore.
The manticore is heavily wounded.
The orc warrior is struck by your spines.
You kill the orc warrior!
The manticore closely misses you. The manticore barely misses you.
The manticore claws you but does no damage.
You hit the manticore.
The manticore is heavily wounded.
The manticore completely misses you. The manticore closely misses you.
The manticore claws you.
* * * LOW HITPOINT WARNING * * *
You hit the manticore but do no damage.
The manticore is heavily wounded.
The manticore bites you!!
* * * LOW HITPOINT WARNING * * *
The manticore barely misses you. The manticore closely misses you.
The manticore flicks its tail.
The volley of spikes hits you!
The barbed spikes become lodged in your body.
You die...

##.................#
#..................#
#..................#
#................# #
#.........)......##
#.#.....###...###....
#.#.....# #...###....
#.....).# #...##.....
#...@...# ##.###.....
#...)#### #.......<.
#...)H......##.......
#...........+.....##.
##..........##.......
#...................
#...................
#...................
#...................


You could see a manticore.

Vanquished Creatures
  Pikel (D:5)
  Maggie (D:6)
  Grinder (D:5)
  Sigmund (D:4)
  A wyvern (D:7)
  Eustachio (D:5)
  Menkaure (D:5)
  2 water moccasins
  Pargi (Sewer)
  2 sky beasts
  2 orc warriors
  2 black bears (D:4)
  An ogre (D:4)
  2 centaurs
  A phantom (D:5)
  2 bullfrogs
  A gnoll sergeant (D:5)
  4 scorpions
  3 wights (D:6)
  A howler monkey (D:5)
  5 hounds
  2 orc priests
  A gnoll bouda (D:7)
  A jelly (D:7)
  2 sleepcaps
  6 iguanas
  4 orc wizards
  8 gnolls
  14 adders
  2 shadow imps (D:5)
  An ufetubus (D:6)
  3 worms
  2 dart slugs
  12 orcs
  6 bats
  3 endoplasms
  6 giant cockroaches
  8 goblins
  6 hobgoblins
  12 kobolds
  4 quokkas
  9 ball pythons
  2 frilled lizards
  8 rats
158 creatures vanquished.

Vanquished Creatures (others)
  2 goblins (D:3)
2 creatures vanquished.

Grand Total: 160 creatures vanquished

Notes
Turn   | Place    | Note
-------+----------+-------------------------------------------
     0 | D:1      | Locuples the Demonspawn Brigand began the quest for the
                  | Orb.
     0 | D:1      | Reached XP level 1. HP: 16/16 MP: 1/1
    95 | D:1      | Reached skill level 4 in Stealth
   151 | D:1      | Gained mutation: You regenerate magic rapidly. [demonic
                  | ancestry]
   151 | D:1      | Reached XP level 2. HP: 20/22 MP: 2/2
   373 | D:1      | Found a faded altar of an unknown god.
   589 | D:2      | Gained mutation: When hurt, damage is shared between your
                  | health and your magic reserves. [demonic ancestry]
   589 | D:2      | Reached XP level 3. HP: 14/27 MP: 3/3
   774 | D:2      | Reached skill level 1 in Dodging
  1086 | D:2      | Reached XP level 4. HP: 33/33 MP: 4/4
  1118 | D:2      | Found an ancient bone altar of Kikubaaqudgha.
  1664 | D:3      | Found a stormy altar of Qazlal.
  1821 | D:3      | Reached skill level 5 in Stealth
  1951 | D:3      | Identified the +1 robe "Kuicion" {Dex+3}
  2101 | D:3      | Found a runed translucent door.
  2101 | D:3      | Noticed a human
  2104 | D:3      | Found a basalt altar of Yredelemnul.
  2136 | D:3      | Found a faded altar of an unknown god.
  2139 | D:3      | Found a broken altar of Ashenzari.
  2454 | D:4      | Gained mutation: You are partially covered in icy blue
                  | scales. (AC +2) [demonic ancestry]
  2454 | D:4      | Reached XP level 5. HP: 22/38 MP: 5/5
  2557 | D:4      | Found a staircase to the Ecumenical Temple.
  2570 | D:4      | Noticed Sigmund
  2577 | Temple   | Entered the Ecumenical Temple
  2752 | D:4      | Killed Sigmund
  2753 | D:4      | Reached XP level 6. HP: 29/46 MP: 4/6
  2953 | D:5      | Entered Level 5 of the Dungeon
  3111 | D:5      | Noticed a water moccasin
  3127 | D:5      | Killed a water moccasin
  3128 | D:5      | Reached skill level 6 in Stealth
  3128 | D:5      | Gained mutation: When low on magic, you restore magic in
                  | place of health. [demonic ancestry]
  3128 | D:5      | Reached XP level 7. HP: 29/51 MP: 7/7
  3232 | D:5      | Found a glowing drain.
  3262 | Sewer    | Entered a sewer
  3269 | Sewer    | Noticed Pargi
  3316 | Sewer    | Killed Pargi
  3500 | Sewer    | Identified the +7 dagger of Insufficient Pleasure {heavy,
                  | Will+}
  3777 | D:5      | Reached skill level 5 in Short Blades
  3790 | D:5      | Noticed Eustachio
  3822 | D:5      | Killed Eustachio
  3825 | D:5      | Reached XP level 8. HP: 39/58 MP: 8/8
  3908 | D:5      | Noticed Menkaure
  3921 | D:5      | Killed Menkaure
  4076 | D:5      | Noticed Pikel
  4091 | D:5      | Killed Pikel
  4092 | D:5      | Reached skill level 7 in Stealth
  4255 | D:5      | Noticed Grinder
  4270 | D:5      | Killed Grinder
  4724 | D:4      | Gained mutation: Your touch may inflict minor irresistible
                  | damage on your foes. [demonic ancestry]
  4724 | D:4      | Reached XP level 9. HP: 40/65 MP: 6/9
  5276 | D:6      | Reached skill level 8 in Stealth
  5747 | D:6      | Found an iron altar of Okawaru.
  5826 | D:6      | Noticed Maggie
  5829 | D:6      | Killed Maggie
  5830 | D:6      | Reached skill level 5 in Dodging
  5830 | D:6      | Reached skill level 9 in Stealth
  5945 | D:7      | Found an ornate altar of the Wu Jian Council.
  6247 | D:7      | Found Xuph's Jewellery Shoppe.
  6424 | D:7      | Gained mutation: You are partially covered in sharp spines.
                  | [demonic ancestry]
  6424 | D:7      | Reached XP level 10. HP: 73/73 MP: 10/10
  6487 | D:8      | Noticed a manticore
  6494 | D:8      | Killed from afar by a manticore

Illustrated notes

Levels and vault maps discovered:
D:1:      dpeg_arrival_tiny_f, layout_rooms, shapermc_ecumenical_altar_acropolis
D:2:      layout_basic, basic_altar, grunt_ministairs_5, nicolae_half_adder
D:3:      layout_rooms, grunt_qazlal_sundering,
          nicolae_overflow_ecumenical_swirl, dk_yredelemnul_ordeal,
          minmay_cut_off
D:4:      layout_rooms, minmay_temple_entry_statues_pillars, uniq_sigmund
D:5:      layout_loops_ring, cheibrodos_sewer_entry_sluice,
          kennysheep_generic_room_7, uniq_eustachio, uniq_pikel, uniq_grinder,
          uniq_menkaure
D:6:      layout_loops_ring, hellmonk_okawaru_the_only_friend_you_need,
          nicolae_concentric_dashed_squares_mild, uniq_maggie
D:7:      layout_rooms, nicolae_wu_jian_wuxing_cycle, serial_shops,
          nicolae_shop_waterfront
D:8:      layout_basic, enter_ossuary_2, uniq_grum
Temple:   hellmonk_temple_two_chambers

Skill      XL: |  1  2  3  4  5  6  7  8  9 |
---------------+----------------------------+-----
Stealth        | 4 5 6 7 9 |  9.9
Short Blades   | 2 3 4 5 7 8 |  8.3
Dodging        | 1 2 3 4 5 |  5.1
Fighting       | 3 4 |  4.5
Throwing       | |  1.7
Evocations     | |  0.2

Action                     |  1- 3 |  4- 6 |  7- 9 | 10-12 || total
---------------------------+-------+-------+-------+-------++-------
  Melee: Dagger            |   114 |   173 |   302 |    10 ||   599
         Punch             |       |     2 |     3 |       ||     5
         Touch             |       |       |    20 |     1 ||    21
  Evoke: Wand              |       |     2 |       |       ||     2
    Use: Scroll            |       |     2 |     5 |       ||     7
         Potion            |       |       |     2 |       ||     2
   Stab: Sleeping          |     3 |    10 |    26 |     1 ||    40
 Armour: Robe              |    58 |    25 |   134 |     5 ||   222
         Leather armour    |       |    14 |       |       ||    14
  Dodge: Dodged            |    80 |    75 |   225 |    14 ||   394
         Form:             |       |     1 |       |       ||     1
         Anaconda          |       |     1 |       |       ||     1

Table legend: (Time is in decaauts)
 A = Elapsed time spent in this place.
 B = Non-inter-level travel time spent in this place.
 C = Inter-level travel time spent in this place.
 D = Time resting spent in this place.
 E = Time spent auto-exploring this place.
 F = Levels seen in this place.
 G = Mean time per level.
                   A        B        C        D        E       F      G
               +--------+--------+--------+--------+--------+-----+--------+
         Total |   6451 |   6414 |     37 |   1029 |   3357 |  10 |  645.1 |
       Dungeon |   6026 |   5989 |     37 |    826 |   3264 |   8 |  753.2 |
        Temple |    108 |    108 |      0 |    100 |      0 |   1 |  108.0 |
         Sewer |    316 |    316 |      0 |    103 |     93 |   1 |  316.0 |
               +--------+--------+--------+--------+--------+-----+--------+

Top non-repeatable levels by time:
     D:5: 1398 daAuts
     D:2: 1141 daAuts
     D:4: 1111 daAuts
     D:3: 680 daAuts
     D:6: 666 daAuts
     D:7: 513 daAuts
     D:1: 481 daAuts
   Sewer: 316 daAuts
  Temple: 108 daAuts
     D:8: 33 daAuts
